 Dungeon Crawl Stone Soup version 0.31-a0-431-g88bdf31460 (webtiles) character file.

Game seed: 2095328634047182347

6 Maxmaps the Ruffian (level 1, 0/13 HPs)
             Began as an Octopode Shapeshifter on Aug 1, 2023.
             Slain by a frilled lizard (2 damage)
             ... on level 1 of the Dungeon.
             The game lasted 00:00:12 (221 turns).

Maxmaps the Ruffian (Octopode Shapeshifter)          Turns: 221, Time: 00:00:12

Health: 0/13       AC:  1    Str: 14    XL:     1   Next: 90%
Magic:  1/1        EV: 13    Int: 10    God:
Gold:   5          SH:  0    Dex: 12    Spells: 0/0 levels left

rFire   . .          .
                       - Unarmed
rCold   . . .        (no shield)
rNeg    . . .        (helmet currently unavailable)
rPois   .            (no amulet)
rElec   .            (no ring)
rCorr   .            (no ring)
SInv    .            (no ring)
Will    .....        (no ring)
Stlth   +++          (no ring)
HPRegen 0.22/turn    (no ring)
MPRegen 0.07/turn    (no ring)
                     (no ring)

%: no passive effects
@: beast-form
A: beast (slay +2), almost no armour, amphibious, 8 rings, camouflage 1,
gelatinous body 1, (nimble swimmer 1), tentacles
a: Begin Untransformation


You were on level 1 of the Dungeon.
You were a hulking beast.
You visited 1 branch of the dungeon, and saw 1 of its levels.

You collected 5 gold pieces.

Inventory:

Armour
 c - an orb of light
Talismans
 b - a beast talisman (active)
Scrolls
 d - a scroll of enchant weapon {unknown}
 f - a scroll of immolation {unknown}
Potions
 a - a potion of lignification
 e - a potion of resistance {unknown}


   Skills:
 - Level 1.0 Fighting
 - Level 2.0 Dodging
 + Level 2.2 Stealth
 - Level 3.0 Unarmed Combat
 - Level 3.0 Shapeshifting


You couldn't memorise any spells.
You didn't know any spells.
Your spell library was empty.

Dungeon Overview and Level Annotations

Branches:
Dungeon (1/15)

Altars:


Innate Abilities, Weirdness & Mutations

You are a hulking beast.
Your limbs bulge with bestial killing power. (Slay +2)
You cannot wear most types of armour.
You are amphibious.
You can wear up to eight rings at the same time.
Your skin changes colour to match your surroundings (Stealth+).
Your rubbery body absorbs attacks. (AC +1, EV +1)
((You are camouflaged when in or above water. (Stealth+)))
You have tentacles for arms and can constrict up to eight enemies at once.


Message History

Found an escape hatch in the floor.
No target in view!
A kobold comes into view. It is wielding a +0 club.
The kobold shouts!
A frilled lizard comes into view.
There are monsters nearby!
A quokka comes into view.
The frilled lizard hisses angrily.
A frilled lizard comes into view.
The kobold hits you with a +0 club.
The frilled lizard hisses angrily.
You tentacle-slap the kobold.
You kill the kobold!
A frilled lizard comes into view.
The frilled lizard bites you.
Things that are here:
a +0 club; 4 stones; a kobold corpse The frilled lizard hisses angrily.
You bludgeon the frilled lizard!
You kill the frilled lizard!
Your Stealth skill increases to level 2!
The frilled lizard bites you but does no damage.
You closely miss the frilled lizard. Your grab misses the frilled lizard.
The frilled lizard closely misses you.
You closely miss the quokka. You grab the quokka.
You constrict the quokka, but do no damage.
The quokka bites you.
* * * LOW HITPOINT WARNING * * *
The frilled lizard bites you.
* * * LOW HITPOINT WARNING * * *
The quokka closely misses you.
You miss the frilled lizard. You grab the frilled lizard.
You tentacle-slap the frilled lizard.
You kill the frilled lizard!
You constrict the quokka, but do no damage.
The quokka misses you.
You closely miss the frilled lizard. Your grab misses the frilled lizard.
You constrict the quokka, but do no damage.
The frilled lizard bites you.
You die...

..................#....
#................#.#+# .
####....##.........#.#
.^ ###...###.###.......#
...#......##..........#.
......................#.
................#.......
.......)........##......
......rh................
#.....l†.###............
#........# ###....#....
.........# ...#....
.......... .. #....
.....#..... .....
.....#..... ..#...#.....


You could see a quokka and a frilled lizard.

Vanquished Creatures
  A dart slug (D:1)
  2 kobolds (D:1)
  2 frilled lizards (D:1)
5 creatures vanquished.

Notes
Turn   | Place    | Note
-------+----------+-------------------------------------------
     0 | D:1      | Maxmaps the Octopode Shapeshifter began the quest for the
                  | Orb.
     0 | D:1      | Reached XP level 1. HP: 13/13 MP: 1/1
    38 | D:1      | Reached skill level 1 in Stealth
   221 | D:1      | Slain by a frilled lizard

Illustrated notes

Levels and vault maps discovered:
D:1:      minmay_arrival_wavy_path, layout_basic

Skill      XL: |  1 |
---------------+----+-----
Stealth        | 2 |  2.2
Fighting       | |  1.0
Dodging        | |  2.0
Unarmed Combat | |  3.0
Shapeshifting  | |  3.0

Action                     || total
---------------------------++-------
  Melee: Unarmed           ||    12
         Constrict         ||     3
         Punch             ||     1
         Tentacles         ||     1
   Stab: Sleeping          ||     1
 Armour: Skin              ||     1
  Dodge: Dodged            ||     6

Table legend: (Time is in decaauts)
 A = Elapsed time spent in this place.
 B = Non-inter-level travel time spent in this place.
 C = Inter-level travel time spent in this place.
 D = Time resting spent in this place.
 E = Time spent auto-exploring this place.
 F = Levels seen in this place.
 G = Mean time per level.
                   A        B        C        D        E       F      G
               +--------+--------+--------+--------+--------+-----+--------+
         Total |    220 |    220 |      0 |      0 |    189 |   1 |  220.0 |
       Dungeon |    220 |    220 |      0 |      0 |    189 |   1 |  220.0 |
               +--------+--------+--------+--------+--------+-----+--------+

Top non-repeatable levels by time:
     D:1: 220 daAuts
